[Event "ICC Open 2015"]
[Site "Internet Chess Club"]
[Date "2015.05.29"]
[Round "7"]
[White "zona"]
[Black "eltigrecu"]
[Result "1-0"]
[ICCResult "Black resigns"]
[WhiteElo "2537"]
[BlackElo "2094"]
[Opening "Sicilian: Pelikan, Chelyabinsk variation"]
[ECO "B33"]
[NIC "SI.37"]
[Time "15:16:56"]
[TimeControl "180+0"]

1. e4 c5 2. Nf3 Nc6 3. d4 cxd4 4. Nxd4 Nf6 5. Nc3 e5 6. Ndb5 d6 7. Bg5 a6 8.
Na3 b5 9. Nd5 Be7 10. Bxf6 Bxf6 11. c3 Rb8 12. Nc2 O-O 13. a4 bxa4 14. Ncb4
Nxb4 15. Nxb4 Bb7 16. Qxa4 Bxe4 17. Bxa6 Bxg2 18. Rg1 Bb7 19. Bxb7 Rxb7 20.
Qa6 Rb6 21. Qc4 Bg5 22. Ra7 d5 23. Qxd5 Rxb4 24. Qxd8 Re4+ 25. Kf1 Bxd8 26.
f3 Bb6 27. fxe4 Bxa7 28. Rg2 Be3 29. Ke2 Bf4 30. Kd3 Rd8+ 31. Kc4 g5 32. b4
h5 33. b5 g4 34. b6 Rc8+ 35. Kd3 Rb8 36. Rb2 Rb7 37. c4 Bg5 38. c5 Bd8 39.
Kc4 h4 40. Rg2 g3 41. hxg3 hxg3 42. Rxg3+ Kf8 43. Rb3 Ke7 44. Kb5 Ke6 45.
Ka6 Rb8 46. Ka7 Rc8 47. b7 Rc7 48. Ka8 Rxc5 49. b8=Q Bc7 50. Qe8+ Kf6 51.
Rf3+ Kg5 52. Qe7+ Kg4 53. Qxc5 Kxf3 54. Qxc7 Kxe4 55. Qxf7 Kd3 56. Qf3+ Kd4
57. Qe2 e4 58. Kb7 e3 59. Kc6 Ke4 60. Kc5 Kf4 61. Kd4 {Black resigns} 1-0

[Event "ICC Open 2015"]
[Site "Internet Chess Club"]
[Date "2015.05.29"]
[Round "7"]
[White "JUGGERNOT"]
[Black "noyb"]
[Result "1-0"]
[ICCResult "Black forfeits on time"]
[WhiteElo "1858"]
[BlackElo "1571"]
[Opening "Bird's opening"]
[ECO "A03"]
[NIC "VO.07"]
[Time "15:17:36"]
[TimeControl "180+0"]

1. f4 d5 2. Nf3 Nf6 3. e3 b6 4. Be2 Bb7 5. O-O e6 6. d3 Be7 7. Qd2 O-O 8.
Nc3 c5 9. b3 Nc6 10. Bb2 a6 11. a4 Qc7 12. h3 Rac8 13. Nd1 b5 14. axb5 axb5
15. Nc3 Qb6 16. Kh1 Ra8 17. d4 c4 18. Ne5 Bb4 19. Qd1 Bxc3 20. Bxc3 Ne4 21.
Be1 Nxe5 22. fxe5 Rxa1 23. Qxa1 Ra8 24. Qc1 Bc6 25. Bf3 f5 26. exf6 Nxf6 27.
bxc4 bxc4 28. c3 Rb8 29. Qa3 Qc7 30. Qc5 Rb5 31. Qa3 Ra5 32. Qb4 Rb5 33. Qa3
Rb4 34. Qxb4 h6 35. Bh4 {Black forfeits on time} 1-0

[Event "ICC Open 2015"]
[Site "Internet Chess Club"]
[Date "2015.05.29"]
[Round "7"]
[White "FavoritePawn"]
[Black "DeepHmmm"]
[Result "0-1"]
[ICCResult "White resigns"]
[WhiteElo "1210"]
[BlackElo "1799"]
[Opening "Four knights game"]
[ECO "C47"]
[NIC "KP.06"]
[Time "15:17:59"]
[TimeControl "180+0"]

1. e4 e5 2. Nf3 Nc6 3. Nc3 Nf6 4. d3 Bb4 5. Bd2 d5 6. a3 Be7 7. exd5 Nxd5 8.
Nxd5 Qxd5 9. Be2 O-O 10. O-O Bg4 11. h3 Bh5 12. Re1 Rad8 13. c4 Qd6 14. b4
Bg6 15. c5 Qd5 16. Bc3 Bf6 17. Ra2 Qxa2 18. g3 Qd5 19. Kg2 Rfe8 20. h4 Bxd3
21. Bxd3 Qxd3 22. Qxd3 Rxd3 23. Bxe5 Nxe5 24. Nxe5 Rxe5 25. Rxe5 Bxe5 26. f4
Bb2 27. Kf2 Bxa3 28. b5 Bxc5+ 29. Ke2 Rxg3 30. f5 a5 31. Kd2 a4 32. Kc2 a3
33. Kb1 Rg2 {White resigns} 0-1

[Event "ICC Open 2015"]
[Site "Internet Chess Club"]
[Date "2015.05.29"]
[Round "7"]
[White "auket40"]
[Black "hAutAjArvi"]
[Result "0-1"]
[ICCResult "White forfeits on time"]
[WhiteElo "1669"]
[BlackElo "2033"]
[Opening "Queen's pawn game"]
[ECO "D02"]
[NIC "QP.08"]
[Time "15:17:43"]
[TimeControl "180+0"]

1. d4 d5 2. Nf3 e6 3. g3 f5 4. Bg2 c6 5. O-O Nf6 6. Bf4 Be7 7. c4 O-O 8. Nc3
Nbd7 9. h3 Nb6 10. c5 Nbd7 11. Ne5 Nxe5 12. Bxe5 Bd7 13. f3 Be8 14. e4 fxe4
15. fxe4 Bg6 16. Bxf6 Bxf6 17. e5 Bg5 18. Qe2 Qe7 19. h4 Bh6 20. Rxf8+ Rxf8
21. Rf1 b6 22. Rxf8+ Qxf8 23. cxb6 axb6 24. a3 c5 25. dxc5 bxc5 26. h5 Be8
27. Qa6 Qe7 28. Bh3 Kf7 29. Qf1+ Kg8 30. Qa6 Bd7 31. Ne2 Be3+ 32. Kh2 Kf7
33. Qd3 Bh6 34. Qxh7 Qg5 35. Qg6+ Qxg6 36. hxg6+ Kxg6 37. Nf4+ Bxf4 38. gxf4
Kf7 39. Kg3 Ke7 40. Kf3 Bb5 41. b3 Bd3 42. Ke3 Bc2 43. b4 c4 44. Kd2 Ba4 45.
f5 d4 {White forfeits on time} 0-1

[Event "ICC Open 2015"]
[Site "Internet Chess Club"]
[Date "2015.05.29"]
[Round "7"]
[White "paraguayo"]
[Black "hangingpawns"]
[Result "0-1"]
[ICCResult "White resigns"]
[WhiteElo "1769"]
[BlackElo "2105"]
[Opening "French: Rubinstein variation"]
[ECO "C10"]
[NIC "FR.07"]
[Time "15:17:04"]
[TimeControl "180+0"]

1. e4 e6 2. d4 d5 3. Nc3 dxe4 4. Nxe4 Nd7 5. f4 Ngf6 6. Ng3 Bd6 7. Nf3 c5 8.
c3 Qc7 9. Ne5 O-O 10. Bd3 b6 11. O-O Bb7 12. Be3 Nd5 13. Qe2 N7f6 14. Rae1
cxd4 15. Bxd4 Bc5 16. Kh1 Bxd4 17. cxd4 Nb4 18. Bb1 Rad8 19. Rd1 Nc6 20.
Nxc6 Qxc6 21. Rf3 Rd6 22. Rfd3 Rfd8 23. Kg1 Qa4 24. Qe5 Qb4 25. Nh5 Nxh5 26.
Qxh5 Qxb2 27. Rg3 g6 28. Qh3 Rxd4 29. Rgd3 Rxd3 30. Bxd3 Qxa2 31. Qg3 Ba6
32. Qg5 Rd7 {White resigns} 0-1

[Event "ICC Open 2015"]
[Site "Internet Chess Club"]
[Date "2015.05.29"]
[Round "7"]
[White "BlitzorDDD"]
[Black "CavacoSilva1939"]
[Result "1-0"]
[ICCResult "Black forfeits on time"]
[WhiteElo "3200"]
[BlackElo "2389"]
[Opening "English opening: Agincourt variation"]
[ECO "A13"]
[NIC "QP.09"]
[Time "15:18:15"]
[TimeControl "180+0"]

1. Nf3 d5 2. c4 e6 3. d4 c6 4. Nbd2 f5 5. g3 Nf6 6. Bg2 Be7 7. O-O O-O 8. b3
Bd7 9. Bb2 Be8 10. Ne5 Bh5 11. Nd3 Nbd7 12. Nf3 Ne4 13. Nf4 Bf7 14. Qc2 g5
15. Nd3 Bf6 16. Nfe5 Nxe5 17. dxe5 Be7 18. Kh1 Bg6 19. f3 Nc5 20. Nxc5 Bxc5
21. cxd5 Be3 22. d6 f4 23. Qc4 Qe8 24. Bh3 Bf7 25. gxf4 Bxf4 26. Bc1 Bxe5
27. Bxg5 Rd8 28. Bxd8 Qxd8 29. Rad1 Qd7 30. Qh4 Kh8 31. Rg1 Bg6 32. Rxg6 Rf7
33. Rdg1 Rg7 34. Rxg7 Bxg7 35. Qe7 {Black forfeits on time} 1-0

[Event "ICC Open 2015"]
[Site "Internet Chess Club"]
[Date "2015.05.29"]
[Round "7"]
[White "Andrei21"]
[Black "TasteOflover"]
[Result "0-1"]
[ICCResult "White resigns"]
[WhiteElo "2954"]
[BlackElo "2816"]
[Opening "Neo-Grünfeld, 6.O-O, main line"]
[ECO "D79"]
[NIC "QP.08"]
[Time "15:17:28"]
[TimeControl "180+0"]

1. d4 d5 2. Nf3 c6 3. g3 Nf6 4. Bg2 g6 5. O-O Bg7 6. c4 O-O 7. cxd5 cxd5 8.
Nc3 Ne4 9. Qb3 Nxc3 10. Qxc3 Nc6 11. Bf4 Bg4 12. Ne5 Nxe5 13. dxe5 Bxe2 14.
Rfe1 Ba6 15. a4 e6 16. Qd2 Qd7 17. h4 h5 18. Bh6 Rfc8 19. Bxg7 Kxg7 20. Ra3
Rc4 21. Rf3 Rac8 22. b4 b6 23. Qg5 Qd8 24. Qf6+ Qxf6 25. exf6+ Kf8 26. Bf1
Rc1 27. Rfe3 Bxf1 28. Kxf1 Ke8 29. a5 Kd7 30. axb6 axb6 31. Ra3 Rxe1+ 32.
Kxe1 Kc6 33. Ra7 Rc7 34. b5+ Kd6 35. Ra6 Kc5 36. Ra8 Kxb5 37. Re8 Kc6 38.
Kd2 Kd6 39. f3 Ke5 40. Re7 Kd6 41. Re8 b5 42. g4 hxg4 43. fxg4 Rc4 44. Re7
Rxg4 45. Rxf7 Rxh4 46. Ke3 g5 47. Rb7 Re4+ 48. Kd3 Rf4 49. f7 Ke5
{White resigns}
0-1

[Event "ICC Open 2015"]
[Site "Internet Chess Club"]
[Date "2015.05.29"]
[Round "7"]
[White "QuezadaY"]
[Black "YaacovN"]
[Result "1-0"]
[ICCResult "Black resigns"]
[WhiteElo "3354"]
[BlackElo "2776"]
[Opening "Caro-Kann: advance variation"]
[ECO "B12"]
[NIC "CK.04"]
[Time "15:18:44"]
[TimeControl "180+0"]

1. e4 c6 2. d4 d5 3. e5 Bf5 4. Nf3 e6 5. Be2 Ne7 6. O-O Bg6 7. Nbd2 Nf5 8.
Nb3 a6 9. c3 Nd7 10. Bf4 c5 11. dxc5 Nxc5 12. Nbd4 Nxd4 13. cxd4 Ne4 14. Ne1
h6 15. Qb3 Qd7 16. h4 Be7 17. f3 Bxh4 18. fxe4 dxe4 19. Be3 O-O 20. Nc2 Rac8
21. Na3 Bg5 22. Nc4 Qd5 23. Bxg5 hxg5 24. Rad1 b5 25. Ne3 Qxb3 26. axb3 Rfd8
27. Rd2 Kf8 28. Bg4 Ke7 29. d5 Rc5 30. b4 Rcc8 31. Rfd1 Rd7 32. dxe6 Rxd2
33. Rxd2 fxe6 34. Rd6 Bf7 35. Nd5+ Kf8 36. Bxe6 Bxe6 37. Rxe6 Rc2 38. Rd6
Rd2 39. e6 {Black resigns} 1-0

[Event "ICC Open 2015"]
[Site "Internet Chess Club"]
[Date "2015.05.29"]
[Round "7"]
[White "DARKTRUDER"]
[Black "perronegro"]
[Result "1-0"]
[ICCResult "Black checkmated"]
[WhiteElo "2194"]
[BlackElo "1600"]
[Opening "Sicilian"]
[ECO "B54"]
[NIC "SI.01"]
[Time "15:18:01"]
[TimeControl "180+0"]

1. e4 c5 2. Nf3 d6 3. d4 cxd4 4. Nxd4 Nc6 5. Nc3 Bd7 6. Be3 Nf6 7. Bc4 g6 8.
f3 e6 9. Qd2 Bg7 10. O-O-O Ne5 11. Bb3 Rc8 12. h4 a5 13. h5 a4 14. Nxa4 Nc4
15. Bxc4 Rxc4 16. Nc3 Nxh5 17. g4 Nf6 18. Nde2 Bf8 19. Rh2 Qa5 20. Rdh1 Bg7
21. Qxd6 Rxc3 22. Nxc3 Bf8 23. Qd4 Be7 24. g5 e5 25. Qb6 Qxb6 26. Bxb6 Nh5
27. Be3 Be6 28. Nd5 Bxd5 29. exd5 Bd6 30. c4 Kd7 31. b3 Rc8 32. Kd2 b5 33.
cxb5 Bb4+ 34. Kd1 Rc3 35. Bd2 Rd3 36. Kc2 Rd4 37. Bxb4 Rxb4 38. a4 Rd4 39.
Rxh5 gxh5 40. Rxh5 Rf4 41. Rxh7 Ke7 42. g6 Rxf3 43. Rxf7+ Kd6 44. Rxf3 e4
45. Re3 Kxd5 46. Rxe4 Kxe4 47. b6 Kd5 48. g7 Kc5 49. g8=Q Kb4 50. Qc4+ Ka5
51. Qb5# {Black checkmated} 1-0

[Event "ICC Open 2015"]
[Site "Internet Chess Club"]
[Date "2015.05.29"]
[Round "7"]
[White "HSK"]
[Black "supermouse"]
[Result "0-1"]
[ICCResult "White checkmated"]
[WhiteElo "2245"]
[BlackElo "2690"]
[Opening "Modern defense: Averbakh system, Kotov variation"]
[ECO "B07"]
[NIC "KF.03"]
[Time "15:17:23"]
[TimeControl "180+0"]

1. e4 d6 2. d4 g6 3. c4 Bg7 4. Nc3 Nc6 5. Be3 e5 6. Nge2 exd4 7. Nxd4 Nge7
8. Qd2 O-O 9. O-O-O f5 10. Kb1 f4 11. Nxc6 fxe3 12. Nxd8 exd2 13. c5 Rxd8
14. Bc4+ Kh8 15. Rxd2 Bxc3 16. bxc3 Rf8 17. cxd6 cxd6 18. Rxd6 Rxf2 19. Rd8+
Kg7 20. Re8 Nc6 21. Rg8+ Kh6 22. g3 Rb8 23. Bd5 Bg4 24. Rxb8 Nxb8 25. Bxb7
Bf3 26. Re1 Nd7 27. Bc8 Ne5 28. h3 Kg5 29. h4+ Kf6 30. c4 Be2 31. c5 Bd3+
32. Ka1 Rc2 33. g4 Rxc5 34. g5+ Ke7 35. Bb7 Rc2 36. Bd5 a5 37. Rb1 Rh2 38.
Rb7+ Kd6 39. Rxh7 a4 40. a3 Kc5 41. Ra7 Bc2 42. Rc7+ Kd4 43. Rc8 Bb3 44. Rc1
Nd3 45. Rf1 Ra2+ 46. Kb1 Rb2+ 47. Ka1 Ra2+ 48. Kb1 Rxa3 49. Bxb3 Rxb3+ 50.
Ka2 Nb4+ 51. Ka1 Nc2+ 52. Ka2 Nb4+ 53. Ka1 a3 54. e5 Kxe5 55. h5 gxh5 56. g6
Rg3 57. Re1+ Kd4 58. Rd1+ Kc4 59. g7 Rxg7 60. Rc1+ Kb3 61. Rb1+ Ka4 62. Rf1
Rg2 63. Re1 h4 64. Rh1 h3 65. Rf1 h2 66. Rh1 Rg1+ 67. Rxg1 hxg1=Q#
{White checkmated}
0-1

[Event "ICC Open 2015"]
[Site "Internet Chess Club"]
[Date "2015.05.29"]
[Round "7"]
[White "Berke"]
[Black "Kaiju"]
[Result "0-1"]
[ICCResult "White forfeits on time"]
[WhiteElo "1465"]
[BlackElo "2074"]
[Opening "French defense"]
[ECO "C00"]
[NIC "FR.01"]
[Time "15:17:47"]
[TimeControl "180+0"]

1. e4 e6 2. Nf3 d5 3. exd5 exd5 4. d4 Nc6 5. c3 Bg4 6. Bf4 Bd6 7. Bxd6 Qxd6
8. Be2 Nge7 9. Nbd2 f6 10. O-O O-O 11. Re1 Rfe8 12. h3 Bf5 13. Nh4 Bg6 14.
Nxg6 Nxg6 15. Bd3 Nce7 16. Qh5 c6 17. Re3 Qf4 18. Rae1 Kf7 19. Nb3 Qh6 20.
Qf3 Ng8 21. c4 Rxe3 22. Rxe3 N6e7 23. Qg3 g6 24. Qc7 Qf8 25. cxd5 cxd5 26.
Nc5 Qc8 27. Qg3 b6 28. Nb3 Qd7 29. h4 Rc8 30. h5 Nf5 31. hxg6+ hxg6
{White forfeits on time}
0-1

[Event "ICC Open 2015"]
[Site "Internet Chess Club"]
[Date "2015.05.29"]
[Round "7"]
[White "KingGambits"]
[Black "QuintilianoR"]
[Result "0-1"]
[ICCResult "White checkmated"]
[WhiteElo "1640"]
[BlackElo "2289"]
[Opening "Sicilian: dragon, Yugoslav attack, Rauser variation"]
[ECO "B76"]
[NIC "SI.17"]
[Time "15:18:19"]
[TimeControl "180+0"]

1. Nf3 c5 2. e4 d6 3. d4 cxd4 4. Nxd4 Nf6 5. Nc3 g6 6. Be3 Bg7 7. f3 O-O 8.
Qd2 Nc6 9. O-O-O d5 10. exd5 Nxd5 11. Nxc6 bxc6 12. Bd4 Nxc3 13. Bxc3 Qxd2+
14. Bxd2 Be6 15. b3 a5 16. h4 a4 17. Bd3 axb3 18. cxb3 Rxa2 19. Bg5 Bxb3 20.
Rd2 Ra1+ 21. Bb1 c5 22. Bxe7 Rc8 23. Rd8+ Rxd8 24. Bxd8 c4 25. Re1 h5 26.
Re8+ Kh7 27. Re7 c3 28. Bc7 c2 29. Kd2 cxb1=Q 30. Ke3 Qe1+ 31. Kf4 Qxe7 32.
Kg3 Qxc7+ 33. Kh3 Rh1# {White checkmated} 0-1

[Event "ICC Open 2015"]
[Site "Internet Chess Club"]
[Date "2015.05.29"]
[Round "7"]
[White "Sc6"]
[Black "Tyrel"]
[Result "0-1"]
[ICCResult "White forfeits on time"]
[WhiteElo "1747"]
[BlackElo "2071"]
[Opening "Pirc defense"]
[ECO "B07"]
[NIC "PU.08"]
[Time "15:16:53"]
[TimeControl "180+0"]

1. e4 d6 2. d4 Nf6 3. Nc3 Nbd7 4. f4 e5 5. fxe5 dxe5 6. Nf3 exd4 7. Qxd4 Bc5
8. Qc4 Ng4 9. Bg5 Be7 10. Bxe7 Qxe7 11. h3 Nge5 12. Qd5 c6 13. Qa5 Nxf3+ 14.
gxf3 Qh4+ 15. Ke2 Qg3 16. Qf5 Ne5 17. Qh5 g6 18. Rg1 Qf4 19. Qg5 Qxf3+ 20.
Kd2 f6 21. Qg3 Qh5 22. Be2 Qh6+ 23. Ke1 O-O 24. Rd1 Be6 25. Rd6 Rae8 26. Bg4
Bxg4 27. hxg4 Qg5 28. Ne2 Re7 29. Qb3+ Kg7 30. Re6 Rxe6 31. Qxe6 Nf3+ 32.
Kf2 Nxg1 33. Nxg1 Qd2+ 34. Ne2 Qg5 35. Kg3 Rf7 36. Nf4 Qe5 37. Qc8 g5 38.
Qf5 gxf4+ {White forfeits on time} 0-1

[Event "ICC Open 2015"]
[Site "Internet Chess Club"]
[Date "2015.05.29"]
[Round "7"]
[White "Borknagar"]
[Black "BFavre"]
[Result "0-1"]
[ICCResult "White resigns"]
[WhiteElo "1990"]
[BlackElo "1766"]
[Opening "Old Benoni defense"]
[ECO "A43"]
[NIC "OI.09"]
[Time "15:17:11"]
[TimeControl "180+0"]

1. d4 c5 2. c3 e6 3. Nf3 Nf6 4. Bg5 cxd4 5. cxd4 d5 6. Nc3 Be7 7. e3 O-O 8.
Bd3 h6 9. Bh4 Nc6 10. O-O a6 11. a4 Bd7 12. Bb1 Rc8 13. Bxf6 Bxf6 14. Qd3 g6
15. Qd2 Na5 16. Bd3 Nb3 17. Qc2 Nxa1 18. Rxa1 Bg7 19. Ne5 Qc7 20. Nxg6 fxg6
21. Bxg6 Rf6 22. Bh7+ Kh8 23. Bd3 Rcf8 24. f3 Qd6 25. Ne2 e5 26. Rc1 Bc6 27.
Qd2 e4 28. fxe4 dxe4 29. Bc4 Rf2 30. Qc3 Qg6 31. Ng3 h5 32. Rf1 Rxf1+ 33.
Nxf1 h4 34. Qe1 Qf6 35. g3 b5 36. axb5 Bxb5 37. Bxb5 axb5 38. Nd2 h3 39.
Nxe4 Qf3 40. Qd2 Qxe4 41. g4 Qxg4+ 42. Kh1 {White resigns} 0-1

[Event "ICC Open 2015"]
[Site "Internet Chess Club"]
[Date "2015.05.29"]
[Round "7"]
[White "jaybird"]
[Black "paulohaddad"]
[Result "0-1"]
[ICCResult "White forfeits on time"]
[WhiteElo "1497"]
[BlackElo "1780"]
[Opening "QGD: Ragozin variation"]
[ECO "D38"]
[NIC "NI.27"]
[Time "15:17:13"]
[TimeControl "180+0"]

1. d4 e6 2. c4 d5 3. Nc3 Nf6 4. Nf3 Bb4 5. Bg5 O-O 6. e3 h6 7. Bh4 g5 8. Bg3
Ne4 9. Qb3 a5 10. a3 Bxc3+ 11. bxc3 a4 12. Qc2 b6 13. Bd3 f5 14. cxd5 exd5
15. c4 Ba6 16. h4 Nxg3 17. fxg3 Qe7 18. Ne5 Nd7 19. hxg5 Nxe5 20. gxh6 Bxc4
21. Bxc4 Nxc4 22. h7+ Kh8 23. Qd3 Nxe3 24. Kf2 Ng4+ 25. Kg1 Qe3+ 26. Qxe3
Nxe3 27. Kf2 Ng4+ 28. Kf3 Rae8 29. Rae1 Rxe1 30. Rxe1 Rf7 31. Rh1 Rxh7 32.
Rc1 Re7 33. Rc3 Kg7 34. Rd3 Kf6 35. Kf4 Re4+ 36. Kf3 Nh2+ 37. Kf2 Ng4+ 38.
Kf3 Ke6 {White forfeits on time} 0-1

[Event "ICC Open 2015"]
[Site "Internet Chess Club"]
[Date "2015.05.29"]
[Round "7"]
[White "jewels2"]
[Black "Qualm"]
[Result "0-1"]
[ICCResult "White forfeits on time"]
[WhiteElo "1275"]
[BlackElo "1704"]
[Opening "Old Indian defense"]
[ECO "E62"]
[NIC "KI.75"]
[Time "15:18:04"]
[TimeControl "180+0"]

1. d4 d6 2. c4 g6 3. g3 Nf6 4. Nc3 Bg7 5. Bg2 O-O 6. Nf3 c6 7. O-O Nbd7 8.
e4 Qc7 9. Be3 e5 10. d5 a6 11. Rc1 c5 12. a3 Rb8 13. b4 b6 14. Na4 Ng4 15.
Nb2 Nxe3 16. fxe3 Bh6 17. Qe2 Nf6 18. h4 Ng4 19. Ng5 Qe7 20. Bf3 Bxg5 21.
hxg5 Qxg5 22. bxc5 bxc5 23. Nd3 Nxe3 24. Rce1 Nxf1 25. Qxf1 Qd2 26. Rd1 Qa5
27. Ra1 Rb3 28. Qc1 Rxd3 29. Be2 Rxg3+ 30. Kf2 Rh3 31. Kg2 Qd8
{White forfeits on time}
0-1

[Event "ICC Open 2015"]
[Site "Internet Chess Club"]
[Date "2015.05.29"]
[Round "7"]
[White "dafresh"]
[Black "Kempka"]
[Result "1-0"]
[ICCResult "Black resigns"]
[WhiteElo "2276"]
[BlackElo "2724"]
[Opening "English opening"]
[ECO "E90"]
[NIC "KI.20"]
[Time "15:17:41"]
[TimeControl "180+0"]

1. Nf3 Nf6 2. c4 g6 3. Nc3 Bg7 4. e4 O-O 5. d4 d6 6. h3 e5 7. d5 Nh5 8. g3
a5 9. Be3 Na6 10. Nd2 b6 11. Be2 Nf6 12. a3 Bd7 13. Qc2 Nc5 14. O-O-O c6 15.
dxc6 Bxc6 16. h4 h5 17. Bg5 Qd7 18. f3 Rfc8 19. Nd5 Bxd5 20. exd5 b5 21. g4
bxc4 22. Nxc4 Rab8 23. Bxf6 Bxf6 24. gxh5 Nb3+ 25. Kb1 Nd4 26. Rxd4 exd4 27.
hxg6 d3 28. Qxd3 Rxc4 29. gxf7+ Kf8 30. Qxc4 Qf5+ 31. Bd3 Qxf3 32. Rh2 Qg3
33. Re2 Qxh4 34. Qc7 Rd8 35. Re8+ {Black resigns} 1-0

[Event "ICC Open 2015"]
[Site "Internet Chess Club"]
[Date "2015.05.29"]
[Round "7"]
[White "haimw"]
[Black "Jospa"]
[Result "1-0"]
[ICCResult "Black forfeits on time"]
[WhiteElo "1846"]
[BlackElo "1212"]
[Opening "KP: Nimzovich defense"]
[ECO "B00"]
[NIC "VO.04"]
[Time "15:18:38"]
[TimeControl "180+0"]

1. e4 Nc6 2. d4 e6 3. Nf3 d6 4. Nc3 Be7 5. Be2 Nf6 6. O-O h5 7. Bg5 Ng4 8.
Bxe7 Nxe7 9. h3 Nf6 10. e5 Nfd5 11. Nxd5 exd5 12. Qd2 Bf5 13. Bd3 Bxd3 14.
Qxd3 Ng6 15. exd6 Qxd6 16. Rfe1+ Ne7 17. Qe3 Qe6 18. Qd2 Qf6 19. Qe2 Qe6 20.
Qb5+ c6 21. Qxb7 O-O 22. Rxe6 fxe6 23. Qxe7 Rae8 24. Qc5 Kh8 25. Ne5 Rb8 26.
Ng6+ Kg8 27. Nxf8 Rxf8 28. Qxc6 Kh7 29. Qxe6 Rf4 30. Qxd5
{Black forfeits on time}
1-0

[Event "ICC Open 2015"]
[Site "Internet Chess Club"]
[Date "2015.05.29"]
[Round "7"]
[White "Rotchopf"]
[Black "wolwerine"]
[Result "0-1"]
[ICCResult "White forfeits on time"]
[WhiteElo "1847"]
[BlackElo "2170"]
[Opening "Sicilian: Alapin's variation (2.c3)"]
[ECO "B22"]
[NIC "SI.46"]
[Time "15:17:36"]
[TimeControl "180+0"]

1. e4 c5 2. c3 Nf6 3. Bd3 e6 4. Nf3 d6 5. e5 dxe5 6. Nxe5 Nbd7 7. Nf3 Be7 8.
Bc2 b6 9. O-O Bb7 10. Re1 O-O 11. d4 Qc7 12. Be3 Rad8 13. Nbd2 Nd5 14. Rc1
Nxe3 15. fxe3 Rfe8 16. Qe2 Bf8 17. Ng5 Nf6 18. Rf1 h6 19. Rxf6 gxf6 20. Nh7
Bg7 21. Qg4 Kh8 22. Rf1 f5 23. Rxf5 exf5 24. Qxf5 Qc6 25. Nf3 Qg6 26. Qxg6
fxg6 27. Bxg6 Rxe3 28. Nh4 Rd6 29. Bf5 Rf6 30. g4 Rxf5 31. Nxf5 Re2 32. Kf1
Rxb2 33. g5 Kxh7 34. gxh6 Bxh6 35. Nd6 Ba6+ 36. Ke1 cxd4 37. Ne8 dxc3 38.
Nf6+ Kg6 39. Ng4 Bd2+ 40. Kd1 Rb1+ {White forfeits on time} 0-1

[Event "ICC Open 2015"]
[Site "Internet Chess Club"]
[Date "2015.05.29"]
[Round "7"]
[White "sakram07"]
[Black "whynotchess960"]
[Result "0-1"]
[ICCResult "White checkmated"]
[WhiteElo "1759"]
[BlackElo "1997"]
[Opening "Queen's Indian: old main line, 6.O-O"]
[ECO "E17"]
[NIC "QI.07"]
[Time "15:17:40"]
[TimeControl "180+0"]

1. d4 Nf6 2. c4 e6 3. Nf3 b6 4. g3 Bb7 5. Bg2 Be7 6. O-O d6 7. Re1 Nbd7 8.
Nc3 Ne4 9. Nxe4 Bxe4 10. Nd2 Bxg2 11. Kxg2 O-O 12. Nf3 c5 13. e3 Qc7 14. Bd2
cxd4 15. exd4 Qxc4 16. Rc1 Qd5 17. Rc7 Rfd8 18. Qa4 b5 19. Qa6 Bf6 20. Rxa7
Rxa7 21. Qxa7 Nf8 22. a3 Ra8 23. Qb6 Rc8 24. Bb4 Be7 25. Re3 h6 26. Rc3 Rxc3
27. Bxc3 Ng6 28. Qb8+ Kh7 29. Qe8 Qf5 30. d5 e5 31. Qxb5 Qg4 32. h3 Nf4+ 33.
Kf1 Qxh3+ 34. Ke1 Ng2+ 35. Ke2 Qg4 36. Qd3+ e4 37. Qe3 Nxe3 38. Kxe3 Qxf3+
39. Kd4 Bf6+ 40. Kc4 Qd3+ 41. Kb4 Bxc3+ 42. bxc3 Qxd5 43. c4 Qc5+ 44. Kb3
Qxf2 45. a4 e3 46. a5 e2 47. a6 e1=Q 48. a7 Qb1+ 49. Ka4 Qfa2#
{White checkmated}
0-1

[Event "ICC Open 2015"]
[Site "Internet Chess Club"]
[Date "2015.05.29"]
[Round "7"]
[White "beaupre"]
[Black "Tasmaniandevil"]
[Result "0-1"]
[ICCResult "White resigns"]
[WhiteElo "1778"]
[BlackElo "2083"]
[Opening "Scotch game"]
[ECO "C45"]
[NIC "SO.05"]
[Time "15:18:42"]
[TimeControl "180+0"]

1. e4 e5 2. Nf3 Nc6 3. d4 exd4 4. Nxd4 Bc5 5. c3 Qf6 6. Be3 Qg6 7. Nd2 Nf6
8. Qf3 Ng4 9. N2b3 Bb6 10. Bd3 Nce5 11. Qe2 d5 12. f3 Nxe3 13. Qxe3 O-O 14.
exd5 Nxd3+ 15. Kd2 Nc5 16. Nxc5 Bxc5 17. Rae1 Bd7 18. g4 Bb5 19. h4 Rae8 20.
h5 Bxd4 21. hxg6 Bxe3+ 22. Rxe3 hxg6 23. b3 Rxe3 24. Kxe3 Re8+ 25. Kd4 Re2
26. c4 Bd7 27. a4 Rb2 28. Kc3 Rf2 29. Re1 Rxf3+ 30. Kb4 Kf8 31. Re7 Kxe7
{White resigns}
0-1

[Event "ICC Open 2015"]
[Site "Internet Chess Club"]
[Date "2015.05.29"]
[Round "7"]
[White "magnuswizard"]
[Black "mcplayerus"]
[Result "1/2-1/2"]
[ICCResult "White ran out of time and Black has no material to mate"]
[WhiteElo "2043"]
[BlackElo "1798"]
[Opening "Sicilian: Hungarian variation"]
[ECO "B34"]
[NIC "SI.43"]
[Time "15:16:56"]
[TimeControl "180+0"]

1. e4 c5 2. Nf3 g6 3. d4 Bg7 4. Nc3 cxd4 5. Nxd4 Nc6 6. Be3 Nf6 7. Be2 O-O
8. O-O d5 9. Nxc6 bxc6 10. exd5 Nxd5 11. Nxd5 cxd5 12. Bd4 e5 13. Bc5 Re8
14. c3 Bb7 15. Bb5 Re6 16. Qa4 a6 17. Bd7 Rf6 18. Rfe1 e4 19. Bd4 Rd6 20.
Bxg7 Kxg7 21. Qd4+ Qf6 22. Qxf6+ Kxf6 23. Ba4 d4 24. cxd4 Rxd4 25. Bb3 Rc8
26. Rad1 Rcd8 27. Rxd4 Rxd4 28. Rd1 Rxd1+ 29. Bxd1 Ke5 30. Kf1 f5 31. g3 g5
32. Ke2 Kd4 33. Bb3 f4 34. Bg8 h6 35. Bh7 Bd5 36. a3 Bc4+ 37. Kd2 e3+ 38.
fxe3+ fxe3+ 39. Ke1 a5 40. Bc2 Be6 41. h4 gxh4 42. gxh4 Bg4 43. b4 axb4 44.
axb4 Kc4 45. Bd1 Bd7 46. Ke2 Kd4 47. Ke1 Bb5 48. Be2 Bxe2 49. Kxe2 Kc4 50.
Kxe3 Kxb4 51. Ke4 Kc5 52. Kf5 Kd6 53. Kg6 Ke7 54. Kxh6 Kf8 55. Kg5 Kg7 56.
h5 Kh7 57. Kh4 Kh6 58. Kg4 Kg7 59. Kg5 Kh8 60. h6 Kh7 61. Kh5 Kg8 62. Kg5
Kh8 63. Kh5 Kh7 64. Kg5 Kh8 65. Kg6 Kg8 66. h7+ Kh8
{White ran out of time and Black has no material to mate}
1/2-1/2

[Event "ICC Open 2015"]
[Site "Internet Chess Club"]
[Date "2015.05.29"]
[Round "7"]
[White "MrsPiggy"]
[Black "Torek9M"]
[Result "1-0"]
[ICCResult "Black forfeits on time"]
[WhiteElo "1398"]
[BlackElo "1183"]
[Opening "Queen's Pawn"]
[ECO "A41"]
[NIC "QO.17"]
[Time "15:17:37"]
[TimeControl "180+0"]

1. d4 d6 2. e3 Nd7 3. c4 Ngf6 4. Nf3 h6 5. Be2 c6 6. O-O Qc7 7. b3 e5 8. Bb2
Be7 9. dxe5 dxe5 10. Na3 e4 11. Nd4 Ne5 12. Nac2 O-O 13. Qc1 Ng6 14. Ba3 c5
15. Nb5 Qc6 16. Bb2 a6 17. Nc3 Bd8 18. Rd1 Bc7 19. Nd5 Nxd5 20. Rxd5 b6 21.
Ne1 Bb7 22. Qc3 f6 23. Rc1 Be5 24. Qd2 Bxb2 25. Qxb2 Qe6 26. Rd2 Ne5 27.
Rcd1 Qf7 28. g3 Qg6 29. Ng2 Ng4 30. Bxg4 Qxg4 31. Nf4 g5 32. Nd5
{Black forfeits on time}
1-0

[Event "ICC Open 2015"]
[Site "Internet Chess Club"]
[Date "2015.05.29"]
[Round "7"]
[White "Unlikely"]
[Black "Woss"]
[Result "1-0"]
[ICCResult "Black resigns"]
[WhiteElo "2063"]
[BlackElo "2106"]
[Opening "French: Winawer, advance, 5.a3"]
[ECO "C17"]
[NIC "FR.10"]
[Time "15:18:37"]
[TimeControl "180+0"]

1. e4 e6 2. d4 d5 3. Nc3 Bb4 4. e5 c5 5. a3 c4 6. axb4 Kf8 7. Nce2 Ne7 8. c3
b6 9. b3 Ke8 10. bxc4 dxc4 11. Ba3 b5 12. Bc1 Bb7 13. Ng3 h5 14. h4 g6 15.
Nf3 Nbc6 16. Bg5 Qd7 17. Bf6 Rg8 18. Ng5 Nd5 19. Qd2 a5 20. Be2 axb4 21.
Rxa8+ Bxa8 22. cxb4 Ndxb4 23. O-O Qxd4 24. Qxd4 Nxd4 25. Bf3 Bxf3 26. gxf3
c3 27. Ra1 c2 28. N5e4 Nb3 29. Ra7 c1=Q+ 30. Kg2 Qc6 31. Nd6+ Qxd6 32. exd6
Nc5 33. Ne4 Nc6 34. Ra8+ Kd7 35. Nxc5+ Kxd6 36. Ne4+ Kd5 37. Rxg8 b4 38. Rc8
{Black resigns}
1-0